 Dungeon Crawl Stone Soup version 0.29.1-15-g9cfb28693d (webtiles) character file.

Game seed: 12852542822475012980

32 cdecastro the Ruffian (level 3, -2/31 HPs)
             Began as a Ghoul Fighter on Apr 10, 2023.
             Slain by Terence
             ... wielding a +2 hand axe of flaming
              (4 damage)
             ... on level 2 of the Dungeon.
             The game lasted 00:04:10 (979 turns).

cdecastro the Ruffian (Ghoul Fighter)                Turns: 979, Time: 00:04:11

Health: -2/31      AC:  8    Str: 21    XL:     3   Next: 25%
Magic:  2/2        EV:  9    Int:  3    God:
Gold:   73         SH:  0    Dex:  8    Spells: 2/2 levels left

rFire   . . .      SeeInvis .     - Unarmed
rCold   + . .      Faith    .   (no shield)
rNeg    + + +      Spirit   .   a - +0 scale mail
rPois   ∞          Reflect  .   f - +0 helmet
rElec   .          Harm     .   (no cloak)
rCorr   .          Rampage  .   e - +0 pair of gloves
Will    .....                   (no boots)
Stlth   ..........              (no amulet)
HPRegen 0.00/turn               (no ring)
MPRegen 0.08/turn               (no ring)

@: inhibited regen
A: claws 1, cold resistance 1, negative energy resistance 3, inhibited
regeneration, torment resistance 2, devour on kill
a: no special abilities


You were on level 2 of the Dungeon.
You visited 1 branch of the dungeon, and saw 2 of its levels.

You collected 73 gold pieces.

Inventory:

Missiles
 k - 9 poisoned darts (quivered)
Armour
 a - a +0 scale mail (worn)
 b - a +0 buckler
 e - a +0 pair of gloves (worn)
 f - a +0 helmet (worn)
 g - a +0 pair of boots
Scrolls
 d - a scroll of enchant armour {unknown}
 i - a scroll of identify {unknown}
 j - a scroll of teleportation {unknown}
Potions
 c - a potion of might
 h - a potion of magic {unknown}


   Skills:
 - Level 3.2 Fighting
 - Level 2.6 Armour
 - Level 2.6 Shields
 + Level 4.0 Unarmed Combat


You had 2 spell levels left.
You didn't know any spells.
Your spell library was empty.

Dungeon Overview and Level Annotations

Branches:
Dungeon (2/15)

Altars:

Annotations:
D:2 Terence


Innate Abilities, Weirdness & Mutations

You are immune to poison.
You have sharp fingernails.
Your flesh is cold resistant. (rC+)
You are immune to negative energy. (rN+++)
You do not regenerate when monsters are visible.
You are immune to unholy pain and torment.
You thrive by killing the living.


Message History

Terence burns you. The goblin barely misses you.
You hit Terence.
Terence is heavily wounded.
An adder comes into view.
The goblin closely misses you.
Terence shouts, "DIE!!!"
Terence hits you with a +2 hand axe of flaming.
Terence burns you.
You barely miss Terence.
Terence is heavily wounded.
The goblin closely misses you.
Terence hits you with a +2 hand axe of flaming.
Terence burns you.
You closely miss Terence.
Terence is heavily wounded.
The goblin closely misses you. Terence closely misses you.
You hit Terence but do no damage.
Terence is heavily wounded.
The goblin hits you with a +0 whip.
* * * LOW HITPOINT WARNING * * *
Terence barely misses you.
You hit Terence but do no damage.
Terence is heavily wounded.
The goblin hits you with a +0 whip.
* * * LOW HITPOINT WARNING * * *
Terence hits you with a +2 hand axe of flaming.
* * * LOW HITPOINT WARNING * * *
Terence burns you.
* * * LOW HITPOINT WARNING * * *
You punch Terence!
Terence is almost dead.
The goblin closely misses you. Terence hits you but does no damage.
The adder bites you.
* * * LOW HITPOINT WARNING * * *
Unknown command.
You completely miss Terence.
Terence is almost dead.
The goblin barely misses you.
Terence hits you with a +2 hand axe of flaming.
You die...

... # .. #. . .. #
)..### #####.#.# #....
##.....#.#### ####.##
##............ .......
#....g@S..# ####.##
#.....@...# #.#.
#.........# #...
#.........# #..#
#.........############.
#......................
##.........############.
#........^.# ##....
#..........########....#
#....................###


You could see Terence, an adder and a goblin.

Vanquished Creatures
  7 bats
  3 endoplasms (D:1)
  4 hobgoblins
  2 jackals (D:1)
  A quokka (D:1)
  2 ball pythons (D:1)
  2 frilled lizards (D:1)
  2 goblins
  2 kobolds (D:1)
  4 rats
29 creatures vanquished.

Notes
Turn   | Place    | Note
-------+----------+-------------------------------------------
     0 | D:1      | cdecastro the Ghoul Fighter began the quest for the Orb.
     0 | D:1      | Reached XP level 1. HP: 19/19 MP: 0/0
    58 | D:1      | Reached XP level 2. HP: 18/26 MP: 1/1
   235 | D:1      | Reached skill level 3 in Unarmed Combat
   359 | D:1      | Found a faded altar of an unknown god.
   629 | D:1      | Reached XP level 3. HP: 31/31 MP: 2/2
   965 | D:2      | Noticed Terence
   968 | D:2      | Reached skill level 4 in Unarmed Combat
   979 | D:2      | Slain by Terence

Illustrated notes

Levels and vault maps discovered:
D:1:      minmay_arrival_radiant_lines, layout_loops_cross,
          hellmonk_ecumenical_altar_crossroads, kennysheep_boxes
D:2:      layout_rooms, uniq_terence

Skill      XL: |  1  2  3 |
---------------+----------+-----
Unarmed Combat | 3 4 |  4.0
Fighting       | |  3.2
Armour         | |  2.6
Shields        | |  2.6

Action                   || total
-------------------------++-------
Melee: Unarmed           ||    96
       Punch             ||     3
Armor: Scale mail        ||    46
Dodge: Dodged            ||    66
